 Dungeon Crawl Stone Soup version 0.18-a0-1577-gf591c28 (webtiles) character file.

494 M4edhros the Sneak (level 7, -2/43 HPs)
             Began as an Octopode Artificer on Mar 19, 2016.
             Killed by divine providence
             ... invoked by an orc priest
              (14 damage)
             ... on level 4 of the Dungeon.
             The game lasted 00:05:21 (3449 turns).

M4edhros the Sneak (Octopode Artificer)             Turns: 3449, Time: 00:05:21

Health: -2/43      AC:  1    Str: 10    XL:     7   Next: 15%
Magic:  0/9        EV: 14    Int: 14    God:
Gold:   115        SH:  0    Dex: 15    Spells: 0 memorised, 6 levels left

rFire  . . .     SeeInvis .     i - +5 spear
rCold  . . .     Gourm    .     (no shield)
rNeg   . . .     Faith    .     (helmet restricted)
rPois  .         Spirit   +     g - amulet of guardian spirit
rElec  .         Dismiss  .     (no ring)
rCorr  .         Reflect  .     (no ring)
SustAt .         Harm     .     (no ring)
MR     .....                    (no ring)
Stlth  +++++.....               (no ring)
                                (no ring)
                                (no ring)
                                (no ring)

@: very slightly contaminated, hasted, very quick, not resistant to hostile
enchantments, quite stealthy
A: almost no armour, amphibious, 8 rings, constrict 8, camouflage 1, gelatinous
body 1
a: no special abilities


You were on level 4 of the Dungeon.
You were not hungry.

You visited 1 branch of the dungeon, and saw 4 of its levels.

You collected 115 gold pieces.

Inventory:

Hand Weapons
 e - a +1 dagger of protection
 i - a +5 spear (weapon)
 t - a +2 hunting sling
Missiles
 n - 2 javelins (quivered)
 q - 89 stones
 r - 11 exploding sling bullets
Jewellery
 g - an amulet of guardian spirit (around mantle)
Wands
 b - a wand of flame (13/48)
 c - a wand of enslavement (15/24)
 d - a wand of random effects (11/48)
 p - a wand of hasting (5/9)
Scrolls
 j - 2 scrolls of teleportation
 k - a scroll of noise
 l - a scroll of recharging
 s - a scroll of remove curse
Potions
 a - a potion of flight
 h - a potion of cancellation
 o - a potion of magic
Comestibles
 f - 6 bread rations


   Skills:
 - Level 1.0 Fighting
 - Level 1.0 Short Blades
 * Level 3.1 Slings
 + Level 4.7 Dodging
 + Level 6.7 Stealth
 - Level 3.2 Evocations


You had 6 spell levels left.
You didn't know any spells.

Dungeon Overview and Level Annotations

Branches:
Dungeon (4/15)
 Temple: D:4-7

Altars:
Ru
Vehumet

Annotations:
D:3 Grinder
D:4 Pikel


Innate Abilities, Weirdness & Mutations

You cannot wear most types of armour.
You are amphibious.
You can wear up to eight rings at the same time.
You can use your tentacles to constrict eight enemies at once.
Your skin changes colour to match your surroundings (Stealth).
Your rubbery body absorbs attacks (AC +1).


Message History

You kill the orc!
The orc priest calls down the wrath of Beogh upon you.
Beogh smites you!
You puncture the orc!
You kill the orc!
The orc hits you with a short sword.
* * * LOW HITPOINT WARNING * * *
You are too injured to fight recklessly!
You hit the orc. You grab the orc.
The orc is severely wounded.
You constrict the orc. You puncture the orc!
You kill the orc!
Attack whom?
Press: ? - help, Dir - move target cursor, f - orc priest
Aim: an orc priest, wielding a flail You reach to attack!
You closely miss the orc priest.
The orc priest calls down the wrath of Beogh upon you.
Beogh smites you!
You die...

...... #........ #.
...... #...p.... #.
......##........
####.######.##.....P≈...
..........#.##)#...♣♣...
.........)...p.#..P≈♣...
..<..o.......###..≈≈≈♣..
......))....## #....♣...
.......@....# #...>....
............##########.#
..............# #.......
..............# #.......
..........#...# #<......
############### #..p....
#.>K.... #.......
#....p..


You could see a slave (wandering) and an orc priest.

Vanquished Creatures
  Edmund (D:4)
  The ghost of M4edhros the Sneak, an amateur OpAr (D:3)
  An orc priest (D:4)
  3 orc wizards (D:3)
  A hound skeleton (D:4)
  Robin (D:3)
  5 adders
  3 dart slugs
  A giant gecko (D:4)
  13 orcs
  11 bats
  3 giant cockroaches
  14 goblins
  6 hobgoblins
  A jackal (D:3)
  2 quokkas (D:3)
  A ball python (D:3)
  5 giant newts
  9 kobolds
  4 rats
86 creatures vanquished.

Vanquished Creatures (others)
  An orc wizard (D:3)
1 creature vanquished.

Grand Total: 87 creatures vanquished

Notes
Turn   | Place    | Note
--------------------------------------------------------------
     0 | D:1      | M4edhros the Octopode Artificer began the quest for the Orb.
     0 | D:1      | Reached XP level 1. HP: 13/13 MP: 3/3
   223 | D:1      | Reached skill level 2 in Stealth
   258 | D:1      | Reached XP level 2. HP: 18/18 MP: 4/4
   564 | D:1      | Reached skill level 3 in Stealth
   683 | D:1      | Reached XP level 3. HP: 23/23 MP: 5/5
   965 | D:2      | Found a faded altar to an unknown god.
   983 | D:2      | Reached XP level 4. HP: 17/28 MP: 6/6
  1172 | D:2      | Reached skill level 4 in Stealth
  1587 | D:3      | Reached XP level 5. HP: 11/33 MP: 3/7
  1597 | D:3      | Reached skill level 5 in Stealth
  1756 | D:3      | Found a radiant altar of Vehumet.
  2066 | D:3      | Noticed Robin
  2086 | D:3      | Killed Robin
  2342 | D:3      | Found a sacrificial altar of Ru.
  2470 | D:3      | Noticed Grinder
  2480 | D:3      | Noticed M4edhros's ghost (amateur OpAr)
  2489 | D:3      | Killed M4edhros's ghost
  2489 | D:3      | Reached skill level 1 in Slings
  2489 | D:3      | Reached XP level 6. HP: 38/38 MP: 8/8
  2638 | D:4      | Noticed Pikel
  2638 | D:4      | Noticed a slave
  2638 | D:4      | Noticed a slave
  2638 | D:4      | Noticed a slave
  2638 | D:4      | Noticed a slave
  2869 | D:3      | Reached skill level 6 in Stealth
  3382 | D:4      | Noticed Edmund
  3399 | D:4      | Killed Edmund
  3399 | D:4      | Reached XP level 7. HP: 27/43 MP: 6/9
  3449 | D:4      | Killed from afar by an orc priest

Vault maps used:
D:1:      ncdulo_lavacross, minmay_misc_feat_square, minmay_lizard_king
D:2:      ecumenical_altar_1
D:3:      marbit_many_paths, fiery_altar_vehumet, uniq_robin, uniq_grinder
D:4:      serial_bayou, serial_bayou_lake_a, serial_bayou_pond_d,
          serial_bayou_pond_d, serial_bayou_crossing, uniq_edmund, uniq_pikel

Skill      XL: |  1  2  3  4  5  6 |
---------------+-------------------+-----
Stealth        | 2 3 4 5 6 |  6.7
Dodging        | 3 4 |  4.7
Slings         | 1 3 |  3.1
Fighting       | |  1.0
Short Blades   | |  1.0
Evocations     | |  3.2

Action                   |  1- 3 |  4- 6 |  7- 9 || total
-------------------------+-------+-------+-------++-------
Melee: Short sword       |    17 |       |       ||    17
       Spear             |    41 |   137 |    10 ||   188
Evoke: Wand              |       |     6 |       ||     6
  Use: Potion            |     5 |     4 |     1 ||    10
       Scroll            |       |    11 |       ||    11
 Stab: Sleeping          |    12 |    11 |       ||    23
       Distracted        |       |     2 |       ||     2
  Eat: Chunk             |       |     8 |       ||     8
